 Dungeon Sprint DCSS version 0.17-a0-1508-ge7f3dc3 (webtiles) character file.

27575 Kidiri the Imperceptible (level 13, -11/49 HPs)
             Began as a Spriggan Enchanter on July 10, 2015.
             Was the Champion of Dithmenos.
             Killed from afar by a shadow dragon (28 damage)
             ... with a bolt of negative energy
             ... in the Dungeon (Sprint I: "Red Sonja").
             The game lasted 00:28:02 (5467 turns).

Kidiri the Imperceptible (Spriggan Enchanter)       Turns: 5467, Time: 00:28:02

Health: -11/49     AC:  9    Str:  4    XL:     13   Next: 5%
Magic:  5/24       EV: 29    Int: 20    God:    Dithmenos [******]
Gold:   1134       SH:  0    Dex: 16    Spells: 5 memorised, 34 levels left

rFire  + . .     SeeInvis +     l - +9 blowgun
rCold  . . .     Clarity  .     r - +2 robe {MR+}
rNeg   . . .     SustAt   .     (shield restricted)
rPois  .         Gourm    .     o - +2 hat
rElec  .         Spirit   .     b - +2 cloak of the Thief {+Fog Slay-2 SInv Stlth+}
rCorr  .         Warding  .     (gloves unavailable)
rMut   .         NoTele   +     (boots unavailable)
MR     +++..                    (no amulet)
Stlth  ++++++++++               q - ring of protection from fire
                                p - ring of Behid {Int+4 Stlth-}

@: wreathed by umbra, drained, very quick, extremely resistant to hostile
enchantments, uncannily stealthy
A: unfitting armour, see invisible, clumsy 2, dopey 1, herbivore 3, speed 3,
frail 1, low mp 3, screaming 2, slow metabolism 2, subdued magic 1
a: Shadow Step, Shadow Form, Renounce Religion, Evoke Fog


You were in the Dungeon.
You worshipped Dithmenos.
Dithmenos was exalted by your worship.
You were not hungry.

You visited 1 branch You collected 2922 gold pieces.
You spent 1788 gold pieces at shops.

Inventory:

Hand weapons
 a - a +1 dagger
 l - a +9 blowgun (weapon)
 s - a +0 dagger of venom
Missiles
 m - 5 curare-tipped needles (quivered)
Armour
 b - the +2 cloak of the Thief (worn) {+Fog Slay-2 SInv Stlth+}
   (You bought it in a shop in the Dungeon)

   It affects your accuracy and damage with ranged weapons and melee attacks
   (-2).
   It lets you see invisible.
   It can be evoked to emit clouds of fog.
   It makes you more stealthy.
 o - a +2 hat (worn)
 r - a +2 robe of magic resistance (worn)
Jewellery
 p - the ring of Behid (left hand) {Int+4 Stlth-}
   (You bought it in a shop in the Dungeon)

   [ring of loudness]

   It affects your intelligence (+4).
   It makes you less stealthy.
 q - a ring of protection from fire (right hand)
Magical devices
 e - a wand of frost (19)
Scrolls
 j - a scroll of blinking
 n - a scroll of remove curse
 t - a scroll of enchant armour
Potions
 g - 2 potions of haste
 i - a potion of berserk rage
 k - a potion of curing
Books
 c - a book of Maledictions

   Spells                             Type                      Level
   a - Corona                         Hexes                        1
   b - Ensorcelled Hibernation        Hexes/Ice                    2
   c - Confuse                        Hexes                        3
   d - Tukima's Dance                 Hexes                        3
   e - Dazzling Spray                 Conjuration/Hexes            3
Comestibles
 d - a bread ration


   Skills:
 + Level 11.6(10.8) Short Blades
 + Level 14.7(13.9) Dodging
 * Level 21.2(20.3) Stealth
 * Level 17.1(16.3) Spellcasting
 + Level 7.2(6.5) Conjurations
 + Level 13.0(12.2) Hexes
 + Level 8.9(8.2) Ice Magic
 - Level 6.8(6.1) Invocations
 - Level 2.1(1.5) Evocations


You had 34 spell levels left.
You knew the following spells:

 Your Spells              Type           Power        Failure   Level  Hunger
a - Corona                Hex            #####..      0%          1    None
b - Ensorcelled Hibernat  Hex/Ice        #####.       0%          2    None
c - Confuse               Hex            #####...     0%          3    None
d - Tukima's Dance        Hex            #####...     0%          3    None
e - Dazzling Spray        Conj/Hex       #####...     1%          3    None


Dungeon Overview and Level Annotations

Branches:
Dungeon (1/1)

Altars:
Cheibriados
Dithmenos
Elyvilon
Fedhas
Gozag
Kikubaaqudgha
Makhleb
Nemelex Xobeh
Okawaru
Qazlal
Ru
Sif Muna
Trog
Vehumet
Xom
Yredelemnul
Zin
The Shining One
Jiyva

Shops:
D (=**[*[[(*[}[[}[[%([*

Annotations:
D Norris


Innate Abilities, Weirdness & Mutations

You are tiny and cannot use many weapons and most armour.
You have supernaturally acute eyesight.
You are a herbivore.
You cover ground extremely quickly.
You need consume almost no food.
You are very clumsy. (Dex -4)
You are dopey. (Int -2)
You are frail (-10% HP).
Your magical capacity is extremely low (-30% MP).
You sometimes yell uncontrollably at your foes.
Your spells are a little easier to cast, but a little less powerful.


Message History

Really walk into that arrow trap?
You avoid triggering an arrow trap.
There is an arrow trap here.
An arrow misses the shadow dragon!
There is an open door here.
Casting: Dazzling Spray
Confirm with . or Enter, or press ? or * to list all spells.
Aiming: Dazzling Spray
Press: ? - help, Shift-Dir - straight line, f/p - golden dragon
Aim: a golden dragon (heavily wounded, umbra)
The spray of energy misses the shadow dragon.
An arrow hits the golden dragon!
Casting: Dazzling Spray
Confirm with . or Enter, or press ? or * to list all spells.
You don't know that spell.
The shadow dragon is engulfed in a cloud of scalding steam.
The shadow dragon breathes negative energy at you.
The bolt of negative energy hits you!
You feel drained.
Ouch! That really hurt!
You die...

##########################*******
).#§§§§§§§§.§§'..#§DD.§§§#,,,,,,,
#+#.####§§§§.##.@'§^#§§§§##,,,,,,
§§#§#.###§§§#######+#§§§.§#****,,
.§'§#'#.###+#,=?##,,#§§§§§#,,,*,,
+####§§.#@#.##$$$#,,##§§.§#,∩,*,,
..§§#§§.###..###$#,,≈###§##,,,*,,
...§+.....##.#A#$#,,≈,,#§#***+*,,
#.§§#.....#..###$#,,≈,*#§#,,,,**,
#§.§###++##.##..$#,,≈**.§§§,,,,**
#§§###..###..#+###,,≈*.§.§§,,,,,*


You could see a shadow dragon and a golden dragon.

Vanquished Creatures
  A lorocyproca (D)
  2 centaur warriors (D)
  A hydra (D)
  Sonja (D)
  7 unseen horrors (D)
  A deep troll (D)
  A lindwurm (D)
  8 shining eyes (D)
  An oklob plant (D)
  A gargoyle (D)
  4 demonic crawlers (D)
  2 kobold demonologists (D)
  A slime creature (D)
  Sigmund (D)
  4 trapdoor spiders (D)
  13 hogs (D)
  A yak (D)
  A wasp (D)
  An ogre (D)
  7 necrophages (D)
  8 jellies (D)
  Ijyb (D)
  7 giant eyeballs (D)
  A ballistomycete (D)
  A giant spore (D)
77 creatures vanquished.

Vanquished Creatures (others)
  A gargoyle (D)
  A giant spore (D)
2 creatures vanquished.

Grand Total: 79 creatures vanquished

Notes
Turn   | Place    | Note
--------------------------------------------------------------
     0 | D        | Kidiri the Spriggan Enchanter began the quest for the Orb.
     0 | D        | Reached XP level 1. HP: 9/9 MP: 5/5
     2 | D        | Noticed Ijyb
    63 | D        | Killed Ijyb
    63 | D        | Reached skill level 6 in Stealth
    63 | D        | Reached XP level 2. HP: 5/13 MP: 5/8
    67 | D        | Learned a level 2 spell: Ensorcelled Hibernation
   364 | D        | Noticed an ogre
   367 | D        | Killed an ogre
   367 | D        | Reached skill level 5 in Dodging
   367 | D        | Reached skill level 8 in Stealth
   367 | D        | Reached skill level 5 in Hexes
   367 | D        | Reached skill level 1 in Ice Magic
   367 | D        | Reached XP level 3. HP: 16/16 MP: 8/11
   367 | D        | Reached XP level 4. HP: 21/21 MP: 9/13
   381 | D        | Learned a level 3 spell: Confuse
   385 | D        | Learned a level 3 spell: Tukima's Dance
   389 | D        | Learned a level 3 spell: Dazzling Spray
   390 | D        | Noticed Sigmund
   393 | D        | Killed Sigmund
   393 | D        | Reached skill level 10 in Stealth
   393 | D        | Reached XP level 5. HP: 24/24 MP: 11/16
   393 | D        | Reached XP level 6. HP: 28/28 MP: 12/18
   408 | D        | Found a snail-covered altar of Cheibriados.
   408 | D        | Found a viscous altar of Jiyva.
   408 | D        | Found a shadowy altar of Dithmenos.
   408 | D        | Found a blossoming altar of Fedhas.
   408 | D        | Noticed a slime creature
   412 | D        | Killed a slime creature
   412 | D        | Reached skill level 5 in Short Blades
   412 | D        | Reached skill level 12 in Stealth
   415 | D        | Became a worshipper of Dithmenos the Shadowed
   454 | D        | Found a deep blue altar of Sif Muna.
   455 | D        | Noticed a jelly
   456 | D        | Found a radiant altar of Vehumet.
   460 | D        | Killed a jelly
   494 | D        | Found Jathoax's General Store.
   494 | D        | Found a white marble altar of Elyvilon.
   494 | D        | Found a stormy altar of Qazlal.
   494 | D        | Found a burning altar of Makhleb.
   494 | D        | Found a sacrificial altar of Ru.
   494 | D        | Found a basalt altar of Yredelemnul.
   494 | D        | Found a glowing golden altar of the Shining One.
   494 | D        | Found a sparkling altar of Nemelex Xobeh.
   494 | D        | Found a shimmering altar of Xom.
   494 | D        | Found an opulent altar of Gozag.
   494 | D        | Found an ancient bone altar of Kikubaaqudgha.
   494 | D        | Found a glowing silver altar of Zin.
   494 | D        | Noticed a yak
   498 | D        | Killed a yak
   498 | D        | Reached skill level 1 in Conjurations
   498 | D        | Reached skill level 1 in Invocations
   498 | D        | Reached XP level 7. HP: 32/32 MP: 16/21
   499 | D        | Found an iron altar of Okawaru.
   510 | D        | Found a bloodstained altar of Trog.
   551 | D        | Killed a gargoyle
   634 | D        | Noticed Sonja
   638 | D        | Killed Sonja
   638 | D        | Reached skill level 13 in Stealth
   638 | D        | Reached skill level 10 in Spellcasting
   638 | D        | Reached XP level 8. HP: 36/36 MP: 21/23
   657 | D        | Found Riolaerokimi's Weapon Boutique.
   678 | D        | Noticed a deep troll
   686 | D        | Killed a deep troll
   686 | D        | Reached skill level 10 in Dodging
   686 | D        | Reached skill level 14 in Stealth
   686 | D        | Reached skill level 5 in Ice Magic
   695 | D        | Found Sed Zah's Armour Emporium.
   721 | D        | Noticed a centaur warrior
   721 | D        | Noticed a centaur warrior
   738 | D        | Killed a centaur warrior
   738 | D        | Reached skill level 15 in Stealth
   738 | D        | Reached XP level 9. HP: 20/39 MP: 16/26
   753 | D        | Killed a centaur warrior
   753 | D        | Acquired Dithmenos's first power
   753 | D        | Reached skill level 16 in Stealth
   753 | D        | Reached skill level 5 in Invocations
   992 | D        | Noticed a wasp
   995 | D        | Killed a wasp
  1007 | D        | Noticed an oklob plant
  1328 | D        | Killed an oklob plant
  1350 | D        | Noticed a trapdoor spider
  1351 | D        | Killed a trapdoor spider
  1351 | D        | Reached skill level 10 in Hexes
  1355 | D        | Noticed a trapdoor spider
  1368 | D        | Killed a trapdoor spider
  1370 | D        | Noticed a trapdoor spider
  1377 | D        | Killed a trapdoor spider
  1377 | D        | Reached XP level 10. HP: 44/44 MP: 18/28
  1381 | D        | Noticed a trapdoor spider
  1388 | D        | Killed a trapdoor spider
  1388 | D        | Acquired Dithmenos's second power
  1444 | D        | Noticed an unseen horror
  1445 | D        | Noticed an unseen horror
  1454 | D        | Killed an unseen horror
  1454 | D        | Reached skill level 17 in Stealth
  1456 | D        | Killed an unseen horror
  1476 | D        | Noticed a jelly
  1476 | D        | Noticed a jelly
  1476 | D        | Noticed a jelly
  1476 | D        | Noticed a jelly
  1476 | D        | Noticed a jelly
  1476 | D        | Noticed a jelly
  1476 | D        | Noticed a jelly
  1478 | D        | Noticed a necrophage
  1479 | D        | Noticed a necrophage
  1486 | D        | Killed a jelly
  1493 | D        | Killed a jelly
  1493 | D        | Acquired Dithmenos's third power
  1495 | D        | Killed a jelly
  1497 | D        | Killed a necrophage
  1499 | D        | Killed a jelly
  1501 | D        | Killed a jelly
  1514 | D        | Acquired Dithmenos's fourth power
  1516 | D        | Killed a jelly
  1520 | D        | Killed a necrophage
  1523 | D        | Killed a jelly
  1627 | D        | Noticed a necrophage
  1627 | D        | Noticed a necrophage
  1627 | D        | Noticed a necrophage
  1627 | D        | Noticed a necrophage
  1627 | D        | Noticed a necrophage
  1631 | D        | Killed a necrophage
  1632 | D        | Killed a necrophage
  1632 | D        | Killed a necrophage
  1643 | D        | Killed a necrophage
  1647 | D        | Killed a necrophage
  1647 | D        | Reached skill level 5 in Conjurations
  1679 | D        | Found Engulyurr's Antique Armour Shoppe.
  1679 | D        | Found Gukef's Antique Armour Shop.
  1679 | D        | Found Atwonur's Weapon Boutique.
  1681 | D        | Found Sofe's Assorted Antiques.
  1681 | D        | Found Sed Zah's Armour Shop.
  1681 | D        | Found Egoczoud's Gadget Shoppe.
  1681 | D        | Found Ruiculi's Armour Boutique.
  1681 | D        | Found Bobum's Armour Emporium.
  1681 | D        | Found Wuakest's Gadget Shop.
  1681 | D        | Found Nyekuegh's Armour Shoppe.
  1685 | D        | Found Jopp's Armour Boutique.
  1686 | D        | Found Noimp's Antique Weapon Emporium.
  1686 | D        | Found Pesamoun's Food Boutique.
  1687 | D        | Found Jus Ekh's General Store.
  1732 | D        | Bought the +2 cloak of the Thief {+Fog Slay-2 SInv Stlth+} for 716 gold pieces
  1954 | D        | Noticed a kobold demonologist
  1955 | D        | Noticed a kobold demonologist
  1956 | D        | Noticed an ice devil
  1961 | D        | Killed a kobold demonologist
  1961 | D        | Reached skill level 1 in Evocations
  1964 | D        | Killed a kobold demonologist
  1964 | D        | Reached skill level 18 in Stealth
  2031 | D        | Noticed a demonic crawler
  2031 | D        | Noticed a demonic crawler
  2031 | D        | Noticed a demonic crawler
  2031 | D        | Noticed a demonic crawler
  2040 | D        | Killed a demonic crawler
  2288 | D        | Killed a demonic crawler
  2528 | D        | Killed a demonic crawler
  2531 | D        | Killed a demonic crawler
  2554 | D        | Noticed a lindwurm
  2557 | D        | Killed a lindwurm
  2557 | D        | Reached XP level 11. HP: 47/47 MP: 22/30
  2573 | D        | Noticed a hog
  2573 | D        | Noticed a hog
  2573 | D        | Noticed a hog
  2573 | D        | Noticed a hog
  2573 | D        | Noticed a hog
  2573 | D        | Noticed a hog
  2574 | D        | Noticed a hog
  2574 | D        | Noticed a hog
  2574 | D        | Noticed a hog
  2575 | D        | Killed a hog
  2576 | D        | Killed a hog
  2577 | D        | Noticed a hog
  2577 | D        | Noticed a hog
  2577 | D        | Noticed a hog
  2577 | D        | Noticed a hog
  2578 | D        | Killed a hog
  2578 | D        | Reached skill level 10 in Short Blades
  2579 | D        | Killed a hog
  2581 | D        | Killed a hog
  2581 | D        | Reached skill level 15 in Spellcasting
  2583 | D        | Killed a hog
  2584 | D        | Killed a hog
  2586 | D        | Killed a hog
  2586 | D        | Reached skill level 19 in Stealth
  2587 | D        | Killed a hog
  2590 | D        | Killed a hog
  2592 | D        | Killed a hog
  2594 | D        | Killed a hog
  2596 | D        | Killed a hog
  2658 | D        | Noticed a 12-headed hydra
  2660 | D        | Killed a 12-headed hydra
  2766 | D        | Noticed a daeva
  2769 | D        | Noticed an unseen horror
  2769 | D        | Noticed an unseen horror
  2769 | D        | Noticed an unseen horror
  2770 | D        | Noticed an unseen horror
  2772 | D        | Killed an unseen horror
  2775 | D        | Killed an unseen horror
  2777 | D        | Killed an unseen horror
  2778 | D        | Noticed an unseen horror
  2780 | D        | Killed an unseen horror
  2780 | D        | Reached skill level 20 in Stealth
  2782 | D        | Killed an unseen horror
  2830 | D        | Noticed a gargoyle
  2847 | D        | Killed a gargoyle
  2902 | D        | Reached XP level 12. HP: 41/51 MP: 33/33
  2975 | D        | Noticed Norris
  2975 | D        | Noticed a lorocyproca
  2991 | D        | Killed a lorocyproca
  4545 | D        | Bought a +2 hat for 160 gold pieces
  4554 | D        | Bought a transparent ivory ring for 130 gold pieces
  4554 | D        | Bought a scroll of identify for 52 gold pieces
  4554 | D        | Identified the ring of Behid {Int+4 Stlth-} (You bought it in a shop in the Dungeon)
  4667 | D        | Noticed a shining eye
  4667 | D        | Noticed a shining eye
  4667 | D        | Noticed a shining eye
  4667 | D        | Noticed a shining eye
  4667 | D        | Noticed a shining eye
  4667 | D        | Noticed a shining eye
  4667 | D        | Gained mutation: Your magical capacity is low (-10% MP). [a shining eye]
  4672 | D        | Gained mutation: You are dopey. (Int -2) [a shining eye]
  4681 | D        | Gained mutation: You are very dopey. (Int -4) [a shining eye]
  4719 | D        | Gained mutation: Armour fits poorly on your strangely shaped body. [a shining eye]
  4730 | D        | Lost mutation: Armour fits poorly on your strangely shaped body. [a shining eye]
  4733 | D        | Gained mutation: Your magical capacity is very low (-20% MP). [a shining eye]
  4735 | D        | Gained mutation: Your magical capacity is extremely low (-30% MP). [a shining eye]
  4738 | D        | Killed a shining eye
  4846 | D        | Gained mutation: You are clumsy. (Dex -2) [a shining eye]
  4849 | D        | Killed a shining eye
  4889 | D        | Noticed a shining eye
  4889 | D        | Noticed a shining eye
  4889 | D        | Gained mutation: You are very clumsy. (Dex -4) [a shining eye]
  4892 | D        | Killed a shining eye
  4896 | D        | Gained mutation: You are frail (-10% HP). [a shining eye]
  4896 | D        | Paralysed by a giant eyeball for 2 turns
  4898 | D        | Gained mutation: You occasionally shout uncontrollably at your foes. [a shining eye]
  4898 | D        | Gained mutation: Armour fits poorly on your strangely shaped body. [a shining eye]
  4901 | D        | Gained mutation: You sometimes yell uncontrollably at your foes. [a shining eye]
  4903 | D        | Gained mutation: Your spells are a little easier to cast, but a little less powerful. [a shining eye]
  5047 | D        | Killed a shining eye
  5055 | D        | Killed a shining eye
  5055 | D        | Reached skill level 21 in Stealth
  5227 | D        | Gained mutation: Your spells are easier to cast, but less powerful. [a shining eye]
  5231 | D        | Killed a shining eye
  5231 | D        | Reached XP level 13. HP: 49/49 MP: 4/24
  5238 | D        | Paralysed by a giant eyeball for 2 turns
  5241 | D        | Killed a shining eye
  5249 | D        | Killed a shining eye
  5252 | D        | Found Qearer's Jewellery Shoppe.
  5252 | D        | Found Noxzits's General Store.
  5253 | D        | Found Oges's Antique Armour Shop.
  5253 | D        | Found Hoesaple's General Store.
  5266 | D        | Bought a scroll of magic mapping for 35 gold pieces
  5269 | D        | Bought an uncursed ring of protection from fire for 275 gold pieces
  5295 | D        | Bought a potion of cure mutation for 420 gold pieces
  5295 | D        | Lost mutation: Armour fits poorly on your strangely shaped body. [potion of cure mutation]
  5295 | D        | Lost mutation: You are very dopey. (Int -4) [potion of cure mutation]
  5295 | D        | Lost mutation: Your spells are easier to cast, but less powerful. [potion of cure mutation]
  5428 | D        | Noticed a shadow dragon
  5429 | D        | Noticed a golden dragon
  5467 | D        | Killed from afar by a shadow dragon

Vault maps used:
D:        dungeon_sprint_1

Action                   |  1- 3 |  4- 6 |  7- 9 | 10-12 | 13-15 || total
-------------------------+-------+-------+-------+-------+-------++-------
Melee: Dagger            |    22 |     6 |    21 |   130 |     4 ||   183
 Fire: Shortbow          |       |       |       |     1 |       ||     1
       Blowgun           |       |       |       |       |     2 ||     2
 Cast: Corona            |     1 |       |       |       |       ||     1
       Ensorcelled Hiber |       |     3 |     9 |    21 |     3 ||    36
       Confuse           |       |       |     6 |     8 |     1 ||    15
       Dazzling Spray    |       |       |     1 |    39 |    19 ||    59
Invok: Shadow Step       |       |       |       |     4 |       ||     4
  Use: Potion            |     1 |       |       |     4 |     4 ||     9
       Scroll            |       |       |       |     5 |     1 ||     6
 Stab: Sleeping          |     2 |     4 |     5 |    34 |     2 ||    47
       Confused          |       |       |     5 |     6 |       ||    11
       Invisible         |       |       |       |    12 |     1 ||    13
  Eat: Fruit             |       |       |       |     4 |       ||     4
